 Dungeon Crawl Stone Soup version 0.25-a0-737-g26c3a87c45 (webtiles) character file.

Game seed: 657869845758339121, levelgen mode: deterministic

17001 Maedhros the Covert (level 12, -5/79 HPs)
             Began as an Octopode Artificer on Apr 12, 2020.
             Was the Champion of Cheibriados.
             Killed by divine providence
             ... invoked by an orc priest
              (17 damage)
             ... on level 12 of the Dungeon.
             The game lasted 00:30:11 (6273 turns).

Maedhros the Covert (Octopode Artificer)            Turns: 6273, Time: 00:30:11

Health: -5/79      AC:  1    Str: 26    XL:     12   Next: 43%
Magic:  15/15      EV: 16    Int: 30    God:    Cheibriados [******]
Gold:   515        SH: 14    Dex: 31    Spells: 9/13 levels left

rFire    . . .     SeeInvis .     - Unarmed
rCold    + . .     Gourm    .   A - +0 kite shield
rNeg     . . .     Faith    .   (helmet restricted)
rPois    .         Spirit   .   (no amulet)
rElec    .         Reflect  .   m - +5 ring of slaying
rCorr    .         Harm     .   s - ring of protection from magic
MR       +....                  G - ring of protection from cold
Stlth    +++++++++.             (no ring)
HPRegen  0.23/turn              (no ring)
MPRegen  0.14/turn              (no ring)
                                (no ring)
                                (no ring)

@: very slow
A: almost no armour, stealthy swim, amphibious, 8 rings, constrict 8, camouflage
1, blink, low mp 1, robust 1, gelatinous body 1
a: Blink, Bend Time, Temporal Distortion, Slouch, Step From Time, Renounce
Religion


You were on level 12 of the Dungeon.
You worshipped Cheibriados.
Cheibriados was exalted by your worship.
You were very hungry.

You visited 2 branches of the dungeon, and saw 13 of its levels.
You also visited: Sewer.

You collected 515 gold pieces.

Inventory:

Missiles
 g - 4 javelins
 o - 44 sling bullets
 p - 23 poisoned darts (quivered)
 B - 14 curare-tipped darts
Armour
 A - a +0 kite shield (worn)
Magical Staves
 n - an uncursed staff of energy
Jewellery
 m - a +5 ring of slaying (left tentacle)
 s - a ring of protection from magic (right tentacle)
 G - a ring of protection from cold (on tentacle)
Wands
 c - a wand of enslavement (7)
 d - a wand of random effects (2)
 r - a wand of polymorph (1)
 w - a wand of digging (2)
 y - a wand of paralysis (6)
 C - a wand of acid (9)
Scrolls
 a - 4 scrolls of fear
 j - 6 scrolls of remove curse
 k - a scroll of amnesia {unknown}
 l - a scroll of summoning {unknown}
 q - 3 scrolls of enchant weapon
 t - a scroll of immolation {unknown}
 u - 10 scrolls of teleportation
 F - a scroll of fog {unknown}
 H - a scroll of blinking {unknown}
Potions
 h - a potion of berserk rage {unknown}
 v - 3 potions of flight
 x - a potion of ambrosia {unknown}
 z - 3 potions of lignification {unknown}
 D - 3 potions of curing
Miscellaneous
 E - a phial of floods
Comestibles
 f - 13 rations


   Skills:
 - Level 3.3 Fighting
   Level 1.0 Short Blades
 - Level 4.1 Dodging
 - Level 14.1 Stealth
 * Level 9.9 Shields
 - Level 10.0 Unarmed Combat
 + Level 1.4 Spellcasting
 + Level 1.5 Summonings
 + Level 1.5 Air Magic
 - Level 6.0 Invocations
 - Level 7.1 Evocations


You had 9 spell levels left.
You knew the following spells:

 Your Spells              Type           Power        Failure   Level  Hunger
a - Summon Lightning Spi  Summ/Air       ##......     65%         4    #####..

Your spell library contained the following spells:

 Spells                   Type           Power        Failure   Level  Hunger
 Silence                  Hex/Air        #.........   97%         5    ######.
 Conjure Ball Lightning   Conj/Air       #.........   100%        6    #######
 Deflect Missiles         Chrm/Air       #.........   100%        6    #######
 Tornado                  Air            ##........   100%        9    #######


Dungeon Overview and Level Annotations

Branches:
Dungeon (12/15)            Temple (1/1) D:5            Lair (0/6) D:9
    Orc (0/2) D:12          Sewer (visited)

Altars:
Ashenzari
Cheibriados
Fedhas
Gozag
Hepliaklqana
Kikubaaqudgha
Makhleb
Nemelex Xobeh
Qazlal
Sif Muna
Vehumet
Yredelemnul
Zin

Shops:
D:8 (


Innate Abilities, Weirdness & Mutations

You cannot wear most types of armour.
You are very stealthy in the water. (Stealth+)
You are amphibious.
You can wear up to eight rings at the same time.
You can use your tentacles to constrict eight enemies at once.
Your skin changes colour to match your surroundings (Stealth+).
Your rubbery body absorbs attacks. (AC +1, EV +1)
You can translocate small distances at will.
Your magical capacity is low. (-10% MP)
You are robust. (+10% HP)


Message History

You kill the orc wizard!
Cheibriados appreciates the change of pace.
Things that are here:
a +0 dagger; a +0 robe; an orc corpse Throwing (i - inventory. (/) - cycle)
p - 24 poisoned darts (quivered)
Press: ? - help, Shift-Dir - straight line, f - orc priest
Aim: an orc priest, wielding a +0 short sword and wearing a +0 ring mail You throw a poisoned dart.
The poisoned dart hits the orc priest.
The orc priest is poisoned.
The orc priest mumbles some strange prayers to Beogh against you.
Beogh smites you!
The orc priest looks more healthy.
The orc priest mumbles some strange prayers to Beogh against you.
Pain shoots through your body!
* * * LOW HITPOINT WARNING * * *
The orc priest hits you with a +0 short sword!
* * * LOW HITPOINT WARNING * * *
The orc priest invokes the aid of Beogh against you.
Beogh smites you!
You die...

..#.####.............
#.#.........≈≈≈≈≈≈≈≈≈
#.######..#.†≈≈≈≈≈≈≈≈ #)#
#..#.≈≈###################
#.######....≈≈#.≈................
#.........†.≈≈###................
..[......†..≈≈#>.....(...8.......
#..#####....≈≈###....))......)...
#..####..(..≈≈#o@....(.......)...
.....>......≈≈###################
#.....#.....≈≈≈≈≈≈≈ ≈≈≈≈≈≈≈≈≈
##..........≈≈≈≈≈≈ ≈≈≈≈≈≈≈≈≈
#######...#....... ..........
...............## #.#######.
#######.......### #.# ##
#.........# #.# # #.......#.# #.#
#


You could see an orc priest.

Vanquished Creatures
  A hydra (D:12)
  3 two-headed ogres
  Sonja (D:10)
  A wolf spider (D:12)
  4 cyclopes
  2 manticores
  A kobold demonologist (D:11)
  Maggie (D:9)
  2 komodo dragons
  A troll (D:10)
  A hornet (D:11)
  Prince Ribbit (D:6)
  Grinder (D:3)
  A hippogriff (D:9)
  A water elemental (D:12)
  12 yaks
  A wyvern (D:8)
  3 hungry ghosts
  4 vampire mosquitoes (D:12)
  Menkaure (D:6)
  6 orc warriors
  A water moccasin (D:12)
  3 sky beasts
  2 ice beasts
  2 black bears (D:7)
  An ogre (D:9)
  An eye of draining (D:10)
  A crocodile (Sewer)
  10 centaurs
  5 big kobolds
  3 bullfrogs
  2 scorpions
  11 killer bees
  4 wights (D:7)
  2 electric eels (D:12)
  9 howler monkeys
  8 crimson imps
  2 quasits
  2 jellies
  A bullfrog skeleton (D:10)
  5 orc priests
  3 centaur skeletons
  A gnoll shaman (D:5)
  4 hounds
  21 orc wizards
  An iguana (D:6)
  8 worker ants
  A hound zombie (D:5)
  2 hound skeletons
  A worker ant zombie (D:11)
  A howler monkey zombie (D:10)
  9 adders
  7 gnolls
  A river rat (D:5)
  An adder zombie (D:6)
  2 adder skeletons
  5 worms
  A dart slug (D:2)
  7 leopard geckos
  47 orcs
  8 bats
  3 giant cockroaches
  4 goblins (D:1)
  7 hobgoblins
  21 jackals
  22 kobolds
  4 quokkas
  14 frilled lizards
  3 jackal skeletons (D:8)
  A quokka skeleton (D:5)
  4 rats (D:1)
338 creatures vanquished.

Vanquished Creatures (collateral kills)
  A centaur skeleton (D:7)
  An adder (D:5)
  A gnoll (D:4)
  2 orcs (D:11)
  A giant cockroach (D:5)
  A jackal (D:5)
  A quokka (D:7)
8 creatures vanquished.

Vanquished Creatures (others)
  An orc wizard (D:11)
  A gnoll (D:5)
  A jackal (D:5)
3 creatures vanquished.

Grand Total: 349 creatures vanquished

Notes
Turn   | Place    | Note
-------+----------+-------------------------------------------
     0 | D:1      | Maedhros the Octopode Artificer began the quest for the
                  | Orb.
     0 | D:1      | Reached XP level 1. HP: 13/13 MP: 3/3
    39 | D:1      | Reached skill level 2 in Stealth
    73 | D:3      | Reached XP level 2. HP: 18/18 MP: 4/4
   260 | D:4      | Found a sparkling altar of Nemelex Xobeh.
   299 | D:4      | Noticed a howler monkey
   309 | D:4      | Killed a howler monkey
   309 | D:4      | Reached skill level 3 in Stealth
   309 | D:4      | Reached XP level 3. HP: 23/23 MP: 4/6
   471 | D:4      | Reached skill level 4 in Stealth
   471 | D:4      | Reached XP level 4. HP: 23/28 MP: 7/7
   570 | D:5      | Entered Level 5 of the Dungeon
   604 | D:4      | Gained mutation: You are frail. (-10% HP) [potion of
                  | mutation]
   604 | D:4      | Gained mutation: You expend magic power (3 MP) to
                  | strengthen your wands. [potion of mutation]
   604 | D:4      | Gained mutation: Scrolls take you a little longer to read.
                  | [potion of mutation]
   604 | D:4      | Gained mutation: One of your tentacles bears a spike.
                  | [potion of mutation]
   622 | D:5      | Reached skill level 1 in Unarmed Combat
   852 | D:5      | Found a glowing drain.
   856 | Sewer    | Entered a sewer
   906 | Sewer    | Noticed a crocodile
   920 | Sewer    | Killed a crocodile
   920 | Sewer    | Reached skill level 5 in Stealth
   920 | Sewer    | Reached XP level 5. HP: 25/29 MP: 1/8
  1039 | D:5      | Noticed a sky beast
  1106 | D:5      | Reached XP level 6. HP: 22/34 MP: 9/9
  1140 | D:5      | Found a hazy altar of Hepliaklqana.
  1274 | D:5      | Reached skill level 6 in Stealth
  1308 | D:5      | Noticed a sky beast
  1389 | D:4      | Reached XP level 7. HP: 24/38 MP: 6/10
  1453 | D:5      | Reached skill level 5 in Unarmed Combat
  1457 | D:5      | Found a staircase to the Ecumenical Temple.
  1532 | D:5      | Reached skill level 7 in Stealth
  1585 | Temple   | Entered the Ecumenical Temple
  1680 | Temple   | Became a worshipper of Cheibriados the Contemplative
  1836 | D:3      | Found an ancient bone altar of Kikubaaqudgha.
  1850 | D:3      | Reached XP level 8. HP: 24/43 MP: 11/11
  1852 | D:3      | Noticed Grinder
  1856 | D:3      | Killed Grinder
  1856 | D:3      | Reached skill level 8 in Stealth
  1940 | D:1      | Reached * piety under Cheibriados
  2277 | D:1      | Reached ** piety under Cheibriados
  2527 | D:2      | Found a radiant altar of Vehumet.
  2792 | D:6      | Noticed Prince Ribbit
  2798 | D:6      | Killed Prince Ribbit
  2811 | D:6      | Noticed Menkaure
  2823 | D:6      | Killed Menkaure
  2823 | D:6      | Reached skill level 5 in Evocations
  2860 | D:6      | Reached skill level 9 in Stealth
  2874 | D:6      | Reached *** piety under Cheibriados
  2880 | D:6      | Reached XP level 9. HP: 25/47 MP: 11/13
  3044 | D:7      | Found a burning altar of Makhleb.
  3070 | D:7      | Lost mutation: One of your tentacles bears a spike. [potion
                  | of mutation]
  3070 | D:7      | Lost mutation: Scrolls take you a little longer to read.
                  | [potion of mutation]
  3070 | D:7      | Lost mutation: You expend magic power (3 MP) to strengthen
                  | your wands. [potion of mutation]
  3070 | D:7      | Gained mutation: Your body sometimes deteriorates upon
                  | taking damage. [potion of mutation]
  3070 | D:7      | Gained mutation: Your mind is acute. (Int +2) [potion of
                  | mutation]
  3071 | D:7      | Lost mutation: You are frail. (-10% HP) [potion of
                  | mutation]
  3071 | D:7      | Lost mutation: Your body sometimes deteriorates upon taking
                  | damage. [potion of mutation]
  3071 | D:7      | Lost mutation: Your mind is acute. (Int +2) [potion of
                  | mutation]
  3071 | D:7      | Gained mutation: Your magical capacity is low. (-10% MP)
                  | [potion of mutation]
  3071 | D:7      | Gained mutation: You are robust. (+10% HP) [potion of
                  | mutation]
  3071 | D:7      | Gained mutation: You can translocate small distances at
                  | will. [potion of mutation]
  3132 | D:7      | Reached **** piety under Cheibriados
  3238 | D:8      | Noticed a two-headed ogre
  3247 | D:8      | Killed a two-headed ogre
  3247 | D:8      | Reached skill level 10 in Stealth
  3407 | D:9      | Reached XP level 10. HP: 41/63 MP: 13/13
  3417 | D:9      | Reached skill level 10 in Unarmed Combat
  3517 | D:9      | Reached skill level 11 in Stealth
  3585 | D:9      | Noticed Maggie
  3595 | D:9      | Killed Maggie
  3661 | D:8      | Reached skill level 1 in Shields
  3706 | D:7      | Reached ***** piety under Cheibriados
  3767 | D:7      | Reached skill level 1 in Invocations
  4068 | D:8      | Found Liusejujot's Antique Weapon Boutique.
  4129 | D:9      | Found a staircase to the Lair.
  4186 | D:10     | Entered Level 10 of the Dungeon
  4665 | D:10     | Reached skill level 12 in Stealth
  4665 | D:10     | Reached XP level 11. HP: 66/73 MP: 14/14
  4812 | D:10     | Noticed Sonja
  4819 | D:10     | Killed Sonja
  4902 | D:10     | Reached skill level 5 in Shields
  4955 | D:10     | Reached skill level 5 in Invocations
  5151 | D:10     | Noticed a two-headed ogre
  5160 | D:10     | Killed a two-headed ogre
  5216 | D:11     | Noticed a manticore
  5242 | D:11     | Noticed a cyclops
  5253 | D:11     | Killed a cyclops
  5716 | D:11     | Noticed a cyclops
  5720 | D:11     | Killed a manticore
  5724 | D:11     | Killed a cyclops
  5732 | D:11     | Reached skill level 13 in Stealth
  5911 | D:12     | Noticed a cyclops
  5927 | D:12     | Killed a cyclops
  5957 | D:12     | Noticed a cyclops
  5958 | D:12     | Reached ****** piety under Cheibriados
  5970 | D:12     | Killed a cyclops
  5970 | D:12     | Reached XP level 12. HP: 33/79 MP: 15/15
  6050 | D:12     | Noticed an eight-headed hydra
  6053 | D:12     | Killed an eight-headed hydra
  6059 | D:12     | Reached skill level 14 in Stealth
  6120 | D:12     | Learned a level 4 spell: Summon Lightning Spire
  6144 | D:12     | Noticed a two-headed ogre
  6152 | D:12     | Identified the cursed +1 scimitar "Laric" {freeze, rF++}
  6153 | D:12     | Killed a two-headed ogre
  6153 | D:12     | Reached skill level 1 in Spellcasting
  6153 | D:12     | Reached skill level 1 in Summonings
  6153 | D:12     | Reached skill level 1 in Air Magic
  6264 | D:12     | Found a staircase to the Orcish Mines.
  6273 | D:12     | Killed from afar by an orc priest

Levels and vault maps discovered:
D:1:      dpeg_arrival_lava_temple_mockup, layout_basic
D:2:      layout_loops_ring, lemuel_coloured_pillars_altar, serial_aquarium,
          aquarium_bridge_straight [aquarium_subvault_bridge,
          aquarium_subvault_wall, aquarium_subvault_bridge,
          aquarium_subvault_balcony], aquarium_window_1, aquarium_window_1,
          aquarium_window_1, aquarium_view_2e, first_ration,
          kennysheep_flooded_box, minmay_lizard_pond
D:3:      layout_loops_ring, nicolae_overflow_crystal_walls,
          gammafunk_temple_overflow_elements, roderic_lattice_a,
          chequers_big_river, grunt_ministairs_8, uniq_grinder
D:4:      minmay_inner_zag, layout_loops_ring, lemuel_round_altar
D:5:      layout_cave_pools, lemuel_round_altar, minmay_temple_entry_large_hall,
          gup_sewer_entry_spiral
D:6:      layout_basic, st_stairs_1, fedhas_altar_3, uniq_prince_ribbit1,
          uniq_menkaure
D:7:      layout_basic, elyvilon_altar_1, bloody_makhleb,
          chequers_decorated_corner
D:8:      layout_gridville, serial_shops, nicolae_shop_stone
D:9:      layout_long_grid, lair_entry_dummy, uniq_maggie, uniq_erolcha
D:10:     layout_grid_maze, uniq_sonja
D:11:     layout_rooms
D:12:     layout_loops_ring, erik_orc_2, hangedman_fish_farm
Temple:   minmay_temple_curvy_branch

Skill      XL: |  1  2  3  4  5  6  7  8  9 10 11 12 |
---------------+-------------------------------------+-----
Stealth        | 2 3 4 5 6 7 9 10 12 13 14 | 14.1
Evocations     | 4 5 7 |  7.1
Unarmed Combat | 2 3 4 6 8 9 10 | 10.0
Fighting       | 3 |  3.3
Dodging        | 4 |  4.1
Shields        | 4 8 9 |  9.9
Invocations    | 3 6 |  6.0
Spellcasting   | 1 |  1.4
Summonings     | 1 |  1.5
Air Magic      | 1 |  1.5
Short Blades   | |  1.0

Action                   |  1- 3 |  4- 6 |  7- 9 | 10-12 || total
-------------------------+-------+-------+-------+-------++-------
Melee: Short sword       |    27 |    51 |    16 |       ||    94
       Constrict         |     5 |    12 |    64 |    67 ||   148
       Tentacles         |     5 |     5 |    44 |   106 ||   160
       Kick              |       |    15 |    45 |       ||    60
       Unarmed           |       |     7 |   169 |   270 ||   446
       Punch             |       |       |    13 |    32 ||    45
Throw: Dart              |       |       |       |     6 ||     6
Invok: Slouch            |       |       |       |     1 ||     1
Evoke: Wand              |     2 |    16 |    15 |    34 ||    67
  Use: Potion            |     1 |     3 |     4 |     7 ||    15
       Scroll            |       |     4 |       |     5 ||     9
 Stab: Sleeping          |     1 |     1 |    18 |    10 ||    30
       Distracted        |       |     1 |     2 |     1 ||     4
       Paralysed         |       |       |     2 |    12 ||    14
  Eat: Chunk             |       |     1 |     5 |     5 ||    11
Armor: Skin              |     1 |     4 |    10 |     3 ||    18
Dodge: Dodged            |    14 |    49 |   114 |   122 ||   299
Block: Kite shield       |       |       |       |   117 ||   117

Table legend:
 A = Non-vault XP
 B = Vault XP
 C = Vault XP percentage of total XP
 D = Non-vault monster count
 E = Vault monster count
 F = Vault count percentage of total count
                 A         B        C        D         E       F
            +---------+---------+-------+---------+---------+-------
      Total |   21613 |    2675 |  11.0 |     296 |      50 |  14.5
            +---------+---------+-------+---------+---------+-------
        D:1 |      39 |       0 |   0.0 |      25 |       0 |   0.0
        D:2 |      26 |       8 |  23.5 |      11 |       8 |  42.1
        D:3 |      72 |     282 |  79.7 |      10 |       6 |  37.5
        D:4 |     123 |       5 |   3.9 |       9 |       1 |  10.0
        D:5 |     844 |      29 |   3.3 |      24 |       6 |  20.0
        D:6 |     810 |     446 |  35.5 |      29 |       2 |   6.5
        D:7 |    1639 |       0 |   0.0 |      34 |       0 |   0.0
        D:8 |    1625 |       0 |   0.0 |      23 |       0 |   0.0
        D:9 |    1786 |     365 |  17.0 |      16 |       1 |   5.9
       D:10 |    2696 |     827 |  23.5 |      28 |       1 |   3.4
       D:11 |    4177 |       0 |   0.0 |      42 |       0 |   0.0
       D:12 |    7776 |     593 |   7.1 |      45 |      19 |  29.7
      Sewer |       0 |     120 | 100.0 |       0 |       6 | 100.0
            +---------+---------+-------+---------+---------+-------
